 Dungeon Crawl Stone Soup version 0.22.1-1-ga44c0e56f4 (webtiles) character file.

205 JOKERXD40 the Conjurer (level 5, 0/28 HPs)
             Began as a Deep Elf Conjurer on Nov 10, 2018.
             Slain by a worker ant (1 damage)
             ... on level 4 of the Dungeon.
             The game lasted 00:11:17 (2918 turns).

JOKERXD40 the Conjurer (Deep Elf Conjurer)          Turns: 2918, Time: 00:11:18

Health: 0/28       AC:  2    Str:  6    XL:     5   Next: 53%
Magic:  0/13       EV: 13    Int: 20    God:
Gold:   156        SH:  0    Dex: 15    Spells: 11/12 levels left

rFire    x . .     SeeInvis .   b - +1 dagger
rCold    + . .     Gourm    .   (no shield)
rNeg     . . .     Faith    .   a - +0 robe
rPois    .         Spirit   .   (no helmet)
rElec    .         Reflect  .   r - scarf {cloud immunity}
rCorr    .         Harm     .   (no gloves)
MR       .....                  (no boots)
Stlth    ++........             (no amulet)
HPRegen  0.09/turn              d - ring of ice
MPRegen  0.13/turn              (no ring)

@: lethally poisoned (0 -> -12)
A: no striking features
a: no special abilities


You were on level 4 of the Dungeon.
You were not hungry.

You visited 1 branch of the dungeon, and saw 4 of its levels.

You collected 156 gold pieces.

Inventory:

Hand Weapons
 b - a +1 dagger (weapon)
Armour
 a - a +0 robe (worn)
 r - a scarf of cloud immunity (worn)
Jewellery
 d - a ring of ice (left hand)
Scrolls
 e - a scroll of remove curse
 f - a scroll of fear {unknown}
 g - a scroll of magic mapping {unknown}
 h - a scroll of blinking
 i - 3 scrolls of identify
 n - a scroll of enchant weapon
 o - a scroll of teleportation
Potions
 j - 3 potions of flight {unknown}
 k - a potion of lignification {unknown}
 l - a potion of heal wounds {unknown}
 m - a potion of magic {unknown}
 p - a potion of curing {unknown}
Comestibles
 c - 5 rations


   Skills:
 - Level 2.9 Dodging
 - Level 2.8 Stealth
 - Level 4.1 Spellcasting
 + Level 6.8 Conjurations


You had 11 spell levels left.
You knew the following spells:

 Your Spells              Type           Power        Failure   Level  Hunger
a - Magic Dart            Conj           ####         1%          1    None

Your spell library contained the following spells:

 Spells                   Type           Power        Failure   Level  Hunger
 Searing Ray              Conj           ####..       1%          2    #......
 Iskenderun's Mystic Bla  Conj           ####....     8%          4    ####...
 Dazzling Spray           Conj/Hex       ###...       10%         3    ###....
 Force Lance              Conj/Tloc      ###.....     30%         4    ####...
 Fulminant Prism          Conj/Hex       ###.......   30%         4    ####...


Dungeon Overview and Level Annotations

Branches:
Dungeon (4/15)
 Temple: D:4-7

Altars:

Annotations:
D:3 Grinder


Message History

You are more poisoned.
The worker ant poisons you!
You barely miss the worker ant.
The worker ant is lightly wounded.
* * * LOW HITPOINT WARNING * * *
You feel sick. The worker ant barely misses you.
You hit the worker ant.
The worker ant is moderately wounded.
* * * LOW HITPOINT WARNING * * *
You feel sick. The worker ant barely misses you. x2
Casting: Magic Dart (safe; 1% risk of failure)
Confirm with . or Enter, or press ? or * to list all spells.
Aiming: Magic Dart (safe; 1% risk of failure)
Press: ? - help, Shift-Dir - straight line, f/p - worker ant
Aim: a worker ant (moderately wounded)
The magic dart hits the worker ant.
The worker ant is heavily wounded.
* * * LOW HITPOINT WARNING * * *
You feel sick. The worker ant bites you.
You die...

#..[..#
#.....#).......
#.....#........
#.....#........
#.....#........
###.....#........
.....^..#........
#...)a@#........
##.....#........
#..............
###..#..#######
### ##......#
....####.....#
#........#.###
####.......... #.
###...#..##.##.


You could see a worker ant.

Vanquished Creatures
  A bullfrog (D:2)
  Robin (D:2)
  3 adders (D:3)
  2 oozes (D:1)
  A worm (D:2)
  A dart slug (D:2)
  2 leopard geckos
  5 orcs
  2 ball pythons (D:1)
  8 bats
  5 giant cockroaches
  12 goblins
  8 hobgoblins
  11 jackals
  7 kobolds
  3 frilled lizards (D:1)
  7 rats
79 creatures vanquished.

Notes
Turn   | Place    | Note
-------+----------+-------------------------------------------
     0 | D:1      | JOKERXD40 the Deep Elf Conjurer began the quest for the
                  | Orb.
     0 | D:1      | Reached XP level 1. HP: 10/10 MP: 6/6
    98 | D:1      | Reached XP level 2. HP: 15/15 MP: 0/8
   329 | D:1      | Reached skill level 5 in Conjurations
   613 | D:1      | Reached XP level 3. HP: 19/19 MP: 7/9
   651 | D:2      | Noticed Robin
  1248 | D:2      | Killed Robin
  1690 | D:2      | Reached XP level 4. HP: 24/24 MP: 3/11
  1769 | D:2      | Noticed a bullfrog
  1774 | D:2      | Killed a bullfrog
  1774 | D:2      | Reached skill level 6 in Conjurations
  2104 | D:3      | Reached XP level 5. HP: 28/28 MP: 10/13
  2824 | D:3      | Noticed Grinder
  2830 | D:3      | Paralysed by Grinder for 6 turns
  2839 | D:3      | Paralysed by Grinder for 3 turns
  2917 | D:4      | HP: 1/28 [poisoned by a worker ant]
  2918 | D:4      | Slain by a worker ant

Skill      XL: |  1  2  3  4 |
---------------+-------------+-----
Conjurations   | 5 6 |  6.8
Spellcasting   | 4 |  4.1
Dodging        | |  2.9
Stealth        | |  2.8

Action                   |  1- 3 |  4- 6 || total
-------------------------+-------+-------++-------
Melee: Dagger            |       |     6 ||     6
 Cast: Magic Dart        |    93 |    96 ||   189
  Use: Scroll            |       |     5 ||     5
  Eat: Chunk             |     2 |     4 ||     6
Armor: Robe              |     2 |     4 ||     6
Dodge: Dodged            |    11 |    34 ||    45
